 Dungeon Crawl Stone Soup version 0.28-a0-8-g6e044cfa68 (webtiles) character file.

Game seed: 9992633580007404290

27 barkas the Caller (level 3, 0/31 HPs)
             Began as a Naga Summoner on July 24, 2021.
             Slain by a goblin (5 damage)
             ... led by Robin
             ... on level 2 of the Dungeon.
             The game lasted 00:01:44 (1862 turns).

barkas the Caller (Naga Summoner)                   Turns: 1862, Time: 00:01:45

Health: 0/31       AC:  2    Str: 10    XL:     3   Next: 10%
Magic:  2/6        EV:  9    Int: 16    God:
Gold:   8          SH:  0    Dex: 11    Spells: 3/6 levels left

rFire   . . .      SeeInvis +   d - +0 dagger (drain)
rCold   . . .      Faith    .   (no shield)
rNeg    . . .      Spirit   .   a - +0 robe
rPois   +          Reflect  .   (no helmet)
rElec   .          Harm     .   (no cloak)
rCorr   .          Rampage  .   (no gloves)
Will    .....                   (no barding)
Stlth   ++........              (no amulet)
HPRegen 0.10/turn               (no ring)
MPRegen 0.10/turn               (no ring)

@: very slow
A: AC +1, large, see invisible, deformed body, poison resistance, slowness 2,
spit poison 1, naga tail 1
a: Spit Poison


You were on level 2 of the Dungeon.
You visited 1 branch of the dungeon, and saw 2 of its levels.

You collected 8 gold pieces.

Inventory:

Hand Weapons
 d - a +0 dagger of draining (weapon)
Armour
 a - a +0 robe (worn)
Scrolls
 h - a scroll of brand weapon
Potions
 b - a potion of curing
 e - 3 potions of haste
 f - a potion of flight
 g - a potion of heal wounds {unknown}
 i - a potion of mutation {unknown}


   Skills:
 + Level 1.1 Fighting
 - Level 1.5 Dodging
 + Level 3.7 Stealth
 - Level 2.0 Spellcasting
 * Level 4.5 Summonings


You had 3 spell levels left.
You knew the following spells:

 Your Spells              Type           Power      Damage    Failure   Level
a - Summon Small Mammal   Summ           64%        N/A       3%          1
b - Call Imp              Summ           16%        N/A       4%          2

Your spell library contained the following spells:

 Spells                   Type           Power      Damage    Failure   Level
 Call Canine Familiar     Summ           16%        N/A       10%         3
 Summon Guardian Golem    Hex/Summ       8%         N/A       24%         3
 Portal Projectile        Hex/Tloc       2%         N/A       52%         3
 Summon Lightning Spire   Summ/Air       8%         N/A       63%         4
 Leda's Liquefaction      Hex/Erth       0%         N/A       90%         4


Dungeon Overview and Level Annotations

Branches:
Dungeon (2/15)

Altars:

Annotations:
D:2 Robin


Innate Abilities, Weirdness & Mutations

Your serpentine skin is tough. (AC +1)
You have supernaturally acute eyesight. (SInv)
Armour fits poorly on your strangely shaped body.
Your system is resistant to poisons. (rPois)
You cover ground very slowly.
You can spit poison.
You have a snake-like lower body.


Message History

Robin throws the goblin at you! The goblin hits you with a +0 club.
Unknown command.
Casting: Summon Small Mammal (safe; 3% risk of failure)
Confirm with . or Enter, or press ? or * to list all spells.
The goblin hits you with a +0 dagger. The goblin hits you with a +0 club.
Casting: Summon Small Mammal (safe; 3% risk of failure)
Confirm with . or Enter, or press ? or * to list all spells.
Nothing appears to happen.
Your bat hits the goblin. The goblin closely misses you.
The goblin hits you with a +0 dagger.
Unknown command.
Casting: Call Imp (safe; 4% risk of failure)
Confirm with . or Enter, or press ? or * to list all spells.
Nothing appears to happen.
You have got your breath back.
Your bat hits the goblin. The goblin hits you with a +0 dagger.
The goblin hits you with a +0 club.
* * * LOW HITPOINT WARNING * * *
You hit the goblin. You drain the goblin.
You kill the goblin!
Robin roars a battlecry!
The goblins go into a battle-frenzy!
The goblin completely misses you.
You hear a shout! x2
You aren't carrying any items that you can evoke.
Unknown command.
Okay, then.
Unknown command.
Okay, then.
As you read the scroll of identify, it crumbles to dust.
b - a potion of curing The goblin hits you with a +0 dagger.
* * * LOW HITPOINT WARNING * * *
As you read the scroll of identify, it crumbles to dust.
f - a potion of flight The goblin hits you with a +0 dagger.
* * * LOW HITPOINT WARNING * * *
You swap places.
Your bat barely misses the goblin.
Your bat hits the goblin.
Your bat barely misses the goblin.
Robin throws the goblin at you! The goblin hits you with a +0 club.
You die...

#####. #.# ...... #.# ######
#.# #.# # #.# ##.##### #.#
........ #.###
#...###############..)#
####.##.#.#.gggb@g.....)......#
...........g###############...#
.....##.#..## #..## ###### #.)
#..# ####### #.g #..# .......


#gg #..# ####### #.# #..# #g ...# #g You could see Robin, 2 hobgoblins, 2
goblins and a friendly bat (summoned).

Vanquished Creatures
  2 ball pythons (D:1)
  An endoplasm (D:1)
  7 goblins
  A hobgoblin (D:1)
  A jackal (D:1)
  2 kobolds (D:1)
14 creatures vanquished.

Vanquished Creatures (collateral kills)
  A dart slug (D:2)
  A ball python (D:2)
  2 goblins
  A hobgoblin (D:2)
  2 jackals (D:1)
  A kobold (D:1)
  A rat (D:1)
9 creatures vanquished.

Grand Total: 23 creatures vanquished

Notes
Turn   | Place    | Note
-------+----------+-------------------------------------------
     0 | D:1      | barkas the Naga Summoner began the quest for the Orb.
     0 | D:1      | Reached XP level 1. HP: 15/15 MP: 3/3
   350 | D:1      | Reached XP level 2. HP: 14/24 MP: 3/5
  1469 | D:2      | Reached skill level 1 in Fighting
  1589 | D:2      | Learned a level 2 spell: Call Imp
  1847 | D:2      | Noticed Robin
  1849 | D:2      | Reached XP level 3. HP: 31/31 MP: 6/6
  1862 | D:2      | Slain by a goblin

Illustrated notes

Levels and vault maps discovered:
D:1:      psy_arrival_wood_between_worlds, layout_basic, minmay_door_square
D:2:      layout_loops_ring, uniq_robin, uniq_sigmund

Skill      XL: |  1  2 |
---------------+-------+-----
Fighting       | 1 |  1.1
Dodging        | |  1.5
Stealth        | |  3.7
Spellcasting   | |  2.0
Summonings     | |  4.5

Action                   || total
-------------------------++-------
Melee: Dagger            ||    30
       Unarmed           ||     3
 Cast: Summon Small Mamm ||    16
       Call Imp          ||     1
 Abil: Spit Poison       ||    14
  Use: Scroll            ||     4
 Stab: Distracted        ||     2
       Sleeping          ||     1
Armor: Robe              ||     6
Dodge: Dodged            ||    15

Table legend: (Time is in decaauts)
 A = Elapsed time spent in this place.
 B = Non-inter-level travel time spent in this place.
 C = Inter-level travel time spent in this place.
 D = Time resting spent in this place.
 E = Time spent auto-exploring this place.
 F = Levels seen in this place.
 G = Mean time per level.
                   A        B        C        D        E       F      G
               +--------+--------+--------+--------+--------+-----+--------+
         Total |   2208 |   2122 |     86 |    257 |   1661 |   2 | 1104.0 |
       Dungeon |   2208 |   2122 |     86 |    257 |   1661 |   2 | 1104.0 |
               +--------+--------+--------+--------+--------+-----+--------+

Top non-repeatable levels by time:
     D:1: 1679 daAuts
     D:2: 528 daAuts
